 Dungeon Crawl Stone Soup version 0.25-a0-632-g7713895373 (webtiles) character file.

Game seed: 6742576105481346481, levelgen mode: deterministic

29489 Chromatus the Basher (level 13, -5/84 HPs)
             Began as a Gargoyle Fighter on Mar 19, 2020.
             Was an Elder of Qazlal.
             Slain by a four-headed hydra simulacrum (14 damage)
             ... on level 5 of the Lair of Beasts.
             The game lasted 01:24:04 (19441 turns).

Chromatus the Basher (Gargoyle Fighter)            Turns: 19441, Time: 01:24:05

Health: -5/84      AC: 27    Str: 23    XL:     13   Next: 45%
Magic:  18/18      EV:  6    Int: 11    God:    Qazlal [****..]
Gold:   878        SH: 18    Dex:  9    Spells: 12/12 levels left

rFire    + . .     SeeInvis .   a - +0 flail (protect)
rCold    + . .     Gourm    .   c - +1 kite shield
rNeg     + . .     Faith    .   E - +0 plate armour
rPois    ∞         Spirit   .   v - +0 helmet
rElec    +         Reflect  .   (no cloak)
rCorr    +         Harm     .   s - +0 pair of gloves
MR       .....                  (no boots)
Stlth    ..........             (no amulet)
HPRegen  0.24/turn              r - ring of resist corrosion
MPRegen  0.16/turn              (no ring)

@: resistant, very slightly contaminated, invisible, repel missiles
A: negative energy resistance 1, electricity resistance, unbreathing,
petrification resistance, rot immunity, AC +9
a: Upheaval, Elemental Force, Renounce Religion


You were on level 5 of the Lair of Beasts.
You worshipped Qazlal.
Qazlal was greatly pleased with you.
You were hungry.

You visited 3 branches of the dungeon, and saw 17 of its levels.

You collected 990 gold pieces.
You spent 112 gold pieces at shops.

Inventory:

Hand Weapons
 a - a +0 flail of protection (weapon)
   (You took it off an orc on level 4 of the Dungeon)
 b - a +1 scimitar of holy wrath
   (You took it off a gnoll on level 4 of the Dungeon)
 f - a +1 flail
 o - a +2 dire flail of venom
   (You took it off Edmund on level 6 of the Dungeon)
 y - a +2 whip of flaming
   (You took it off Pikel on level 6 of the Dungeon)
Missiles
 M - a throwing net (quivered) {!f}
Armour
 c - a +1 kite shield (worn)
 d - a +1 ring mail of cold resistance
   (You took it off Ijyb on level 4 of the Dungeon)
 s - a +0 pair of gloves (worn)
   (You found it on level 3 of the Dungeon)
 v - a +0 helmet (worn)
   (You found it on level 6 of the Dungeon)
 E - a +0 plate armour (worn)
   (You took it off an orc warrior on level 10 of the Dungeon)
 K - the +3 scale mail of Anummir {rF+ Int+3, unknown}
   (You found it on level 2 of the Lair of Beasts)

   It affects your intelligence (+3).
   It protects you from fire.
 N - the +0 leather armour of Foolhardiness {*Drain rPois rN++ MP-9 Str+2, unknown}
   (You found it on level 4 of the Lair of Beasts)

   It affects your strength (+2).
   It protects you from poison.
   It greatly protects you from negative energy.
   It affects your magic capacity (-9).
   It causes draining when unequipped.
Jewellery
 r - a ring of resist corrosion (left hand)
   (You found it on level 3 of the Dungeon)
 J - an uncursed amulet of guardian spirit {unknown}
   (You found it on level 1 of the Lair of Beasts)
Wands
 t - a wand of flame (25)
   (You found it on level 8 of the Dungeon)
 u - a wand of paralysis (10)
   (You took it off Ijyb on level 4 of the Dungeon)
Scrolls
 g - 4 scrolls of magic mapping
 h - 2 scrolls of enchant weapon
 i - a scroll of fog
 l - 2 scrolls of blinking
 n - a scroll of silence {unknown}
 x - 2 scrolls of amnesia
 A - 5 scrolls of teleportation {@r4}
 B - 4 scrolls of remove curse {@r2}
 D - a scroll of vulnerability {unknown}
 F - 4 scrolls of immolation {!r}
Potions
 j - 2 potions of lignification {!q}
 k - a potion of curing {@q1}
 m - 3 potions of cancellation
 p - 2 potions of mutation {!q}
 q - 2 potions of flight
 z - 2 potions of invisibility
 C - 3 potions of haste {@q3}
 G - 3 potions of might
 H - a potion of brilliance
Comestibles
 e - 19 rations {!d}


   Skills:
 + Level 11.3 Fighting
 + Level 7.4 Long Blades
 * Level 12.1 Maces & Flails
 + Level 10.0 Armour
 + Level 10.1 Shields
 + Level 7.9 Invocations


You had 12 spell levels left.
You didn't know any spells.
Your spell library contained the following spells:

 Spells                   Type           Power        Failure   Level  Hunger
 Shock                    Conj/Air       #...         100%        1    ##.....
 Summon Small Mammal      Summ           #...         100%        1    ##.....
 Call Imp                 Summ           #.......     100%        2    ###....
 Ensorcelled Hibernation  Hex/Ice        #.....       100%        2    ###....
 Swiftness                Chrm/Air       #.......     100%        2    ###....
 Call Canine Familiar     Summ           #.......     100%        3    ####...
 Confusing Touch          Hex            #.......     100%        3    ####...
 Gell's Gravitas          Tloc           #.........   100%        3    ####...
 Static Discharge         Conj/Air       #.......     100%        3    ####...
 Summon Guardian Golem    Hex/Summ       #.......     100%        3    ####...
 Airstrike                Air            #.........   100%        4    #####..
 Petrify                  Tmut/Erth      #.......     100%        4    #####..
 Summon Ice Beast         Ice/Summ       #.......     100%        4    #####..
 Summon Lightning Spire   Summ/Air       #.......     100%        4    #####..
 Borgnjor's Vile Clutch   Necr/Erth      #.........   100%        5    ######.
 Lightning Bolt           Conj/Air       #.........   100%        5    ######.
 Metabolic Englaciation   Hex/Ice        #.........   100%        5    ######.
 Silence                  Hex/Air        #.........   100%        5    ######.
 Yara's Violent Unravell  Hex/Tmut       #.........   100%        5    ######.
 Darkness                 Hex            #.........   100%        6    #######
 Shadow Creatures         Summ           N/A          100%        6    #######


Dungeon Overview and Level Annotations

Branches:
Dungeon (11/15)            Temple (1/1) D:7            Lair (5/6) D:10
 Shoals (0/4) Lair:2       Spider (0/4) Lair:2        Slime (0/5) Lair:5
    Orc: D:9-12

Altars:
Ashenzari
Cheibriados
Dithmenos
Elyvilon
Fedhas
Gozag
Hepliaklqana
Kikubaaqudgha
Makhleb
Nemelex Xobeh
Okawaru
Qazlal
Ru
Sif Muna
Trog
Uskayaw
Vehumet
Wu Jian
Xom
Yredelemnul
Zin
The Shining One

Shops:
D:9 ?   D:10 [

Annotations:
D:3 3 runed translucent doors, exclusion: 3 doors, hemabe's ghost, amateur HuAr
D:9 Erolcha
D:11 Josephine
Lair:5 1 transporter


Innate Abilities, Weirdness & Mutations

You are resistant to torment.
Your stone body is resilient. (AC +9)
You are immune to poison.
You resist negative energy. (rN+)
You are resistant to electric shocks. (rElec)
You can survive without breathing.
You are immune to petrification.
You are immune to rotting.


Message History

The four-headed hydra simulacrum bites you but does no damage.
The four-headed hydra simulacrum bites you.
* * * LOW HITPOINT WARNING * * *
The four-headed hydra simulacrum freezes you!
You resist.
* * * LOW HITPOINT WARNING * * *
You block the four-headed hydra simulacrum's attack.
The four-headed hydra simulacrum bites you but does no damage.
The anaconda simulacrum constricts you but does no damage.
You block the anaconda simulacrum's attack.
The dire elephant simulacrum tramples you but does no damage.
The dire elephant simulacrum trunk-slaps you but does no damage.
Your shield and plate armour prevent you from hitting the anaconda simulacrum.
You block the anaconda simulacrum's attack. x2
You block the four-headed hydra simulacrum's attack.
The four-headed hydra simulacrum bites you but does no damage. x2
The four-headed hydra simulacrum barely misses you.
Okay, then.
You feel better.
You block the anaconda simulacrum's attack. x2
The dire elephant simulacrum tramples you.
* * * LOW HITPOINT WARNING * * *
The dire elephant simulacrum freezes you!
You resist.
* * * LOW HITPOINT WARNING * * *
You block the dire elephant simulacrum's attack.
The anaconda simulacrum constricts you.
* * * LOW HITPOINT WARNING * * *
The anaconda simulacrum freezes you! You resist.
* * * LOW HITPOINT WARNING * * *
You block the anaconda simulacrum's attack.
Okay, then.
Here: an anaconda simulacrum (freezing vapour, almost destroyed)
An open gate.
You fade into invisibility!
The anaconda simulacrum barely misses you.
You block the four-headed hydra simulacrum's attack. x2
The four-headed hydra simulacrum barely misses you.
The four-headed hydra simulacrum completely misses you.
You block the dire elephant simulacrum's attack.
The dire elephant simulacrum trunk-slaps you but does no damage.
You are very lightly contaminated with residual magic.
You feel better.
You block the anaconda simulacrum's attack.
You block the four-headed hydra simulacrum's attack.
The four-headed hydra simulacrum bites you.
* * * LOW HITPOINT WARNING * * *
The four-headed hydra simulacrum freezes you!
You resist.
You die...

...#.#.#.............#.........##
.....P...............#####P.....#
....................## ##......
#................####### #P..#..
#P........########○°.°°######....
#.........#○○○°○○#☼○°☼☼#.........
..........#○○°○°○#☼.°°☼#.........
..........#°○#.#.ZZ☼○$$#.........
#........©#☼°©..@ZZ°☼=©#©.......<
##.#......#○☼#°#☼Z°.☼[/#.........
###.###.(#☼☼°○°○#☼°☼○°#.........
# ####P..#°☼○°○°#○○°☼°#.........
### ##P...########○°☼○°#.........
..# #P.P.........#######.........
..####.P............# #P##..>...
....##.............## ######..#.
....................# #####


You could see an anaconda simulacrum, a four-headed hydra simulacrum, a dire
elephant simulacrum, a wyvern simulacrum and a wolf spider simulacrum.

Vanquished Creatures
  4 hydras
  An anaconda (Lair:5)
  A death yak (Lair:5)
  Pikel (D:6)
  An ugly thing (D:10)
  A black mamba (Lair:4)
  A torpor snail (Lair:5)
  6 elephants
  9 spiny frogs
  A rime drake (Lair:1)
  8 komodo dragons
  17 blink frogs
  5 hippogriffs
  24 yaks
  2 wyverns (Lair:5)
  A spriggan (D:9)
  2 wraiths (D:11)
  5 basilisks
  A hungry ghost (D:10)
  Edmund (D:6)
  10 water moccasins
  A soldier ant (D:8)
  A warg (D:10)
  9 porcupines
  Duvessa (D:6)
  An orc warrior (D:10)
  3 black bears
  2 sky beasts
  3 ice beasts
  7 ogres
  8 wolves
  3 centaurs
  8 crocodiles
  A big kobold (D:8)
  16 bullfrogs
  Dowan (D:6)
  A scorpion (Lair:1)
  5 howler monkeys
  2 crimson imps
  A quasit (D:10)
  A bullfrog zombie (D:9)
  4 jellies
  2 bullfrog skeletons
  3 orc priests (D:5)
  4 hounds
  8 orc wizards
  3 iguanas
  Ijyb (D:4)
  Natasha (thrice) (D:3)
  8 worker ants
  A bullfrog simulacrum (Lair:5)
  A hound zombie (D:6)
  A hound skeleton (D:8)
  A worker ant zombie (D:5)
  10 adders
  4 gnolls
  2 shadow imps (D:8)
  2 oozes
  4 worms
  3 dart slugs
  9 leopard geckos
  20 orcs
  2 ball pythons
  16 giant cockroaches
  10 goblins
  8 hobgoblins
  4 jackals
  16 kobolds
  5 quokkas
  7 bats
  7 frilled lizards
  A leopard gecko skeleton (D:4)
  A leopard gecko zombie (D:6)
  2 quokka skeletons (D:4)
  5 rats
  2 butterflies
357 creatures vanquished.

Vanquished Creatures (others)
  Sigmund (D:5)
  A slave (D:5)
  A bullfrog (Lair:5)
  A worker ant (D:5)
  2 bushes
  6 fungi
  14 plants
26 creatures vanquished.

Grand Total: 383 creatures vanquished

Notes
Turn   | Place    | Note
-------+----------+-------------------------------------------
     0 | D:1      | Chromatus the Gargoyle Fighter began the quest for the Orb.
     0 | D:1      | Reached XP level 1. HP: 14/14 MP: 1/1
    91 | D:1      | Reached XP level 2. HP: 19/19 MP: 2/2
   248 | D:1      | Reached XP level 3. HP: 21/23 MP: 3/3
   346 | D:1      | You fall into a shaft and drop 1 floor!
   981 | D:2      | Reached XP level 4. HP: 29/29 MP: 4/4
  1315 | D:2      | Reached skill level 3 in Maces & Flails
  2293 | D:3      | Noticed Natasha
  2298 | D:3      | Killed Natasha
  2298 | D:3      | Reached XP level 5. HP: 21/34 MP: 5/5
  2663 | D:3      | Found an opulent altar of Gozag.
  2664 | D:3      | Found a runed translucent gate.
  2664 | D:3      | Found a runed translucent gate.
  2664 | D:3      | Found a runed translucent gate.
  2664 | D:3      | Noticed hemabe's ghost (amateur HuAr)
  2777 | D:3      | Noticed Natasha
  2784 | D:3      | Killed Natasha
  2851 | D:3      | Noticed Natasha
  2862 | D:3      | HP: 1/34 [white imp[Natasha] (3)]
  2863 | D:3      | Killed Natasha
  3241 | D:4      | Found a stormy altar of Qazlal.
  3249 | D:4      | Became a worshipper of Qazlal Stormbringer
  3403 | D:4      | Noticed Ijyb
  3418 | D:4      | Killed Ijyb
  3418 | D:4      | Reached XP level 6. HP: 40/40 MP: 6/6
  3687 | D:5      | Entered Level 5 of the Dungeon
  3896 | D:4      | Reached skill level 5 in Fighting
  3919 | D:4      | Reached skill level 4 in Maces & Flails
  4112 | D:5      | Noticed Sigmund
  4573 | D:6      | Reached XP level 7. HP: 44/44 MP: 7/7
  4733 | D:6      | Noticed Duvessa
  4751 | D:6      | Killed Duvessa
  4751 | D:6      | Reached skill level 1 in Long Blades
  4753 | D:6      | Noticed Dowan
  4775 | D:6      | Killed Dowan
  5076 | D:6      | Reached * piety under Qazlal
  5230 | D:6      | Noticed Edmund
  5258 | D:6      | Killed Edmund
  5258 | D:6      | Reached skill level 5 in Maces & Flails
  5258 | D:6      | Reached skill level 5 in Armour
  5258 | D:6      | Reached skill level 5 in Shields
  5258 | D:6      | Reached XP level 8. HP: 51/51 MP: 8/8
  5927 | D:5      | Noticed Pikel
  6007 | D:6      | Killed Pikel
  6007 | D:6      | Reached skill level 6 in Maces & Flails
  6073 | D:5      | Reached XP level 9. HP: 45/57 MP: 9/9
  6148 | D:5      | Killed Sigmund
  6526 | D:5      | Found a sacrificial altar of Ru.
  7198 | D:7      | Found a staircase to the Ecumenical Temple.
  7204 | Temple   | Entered the Ecumenical Temple
  7534 | D:7      | HP: 2/59 [ogre/+0 giant club (14)]
  7664 | D:7      | Reached skill level 1 in Invocations
  8162 | D:8      | Reached skill level 7 in Maces & Flails
  8398 | D:8      | Reached ** piety under Qazlal
  8779 | D:8      | Reached XP level 10. HP: 65/65 MP: 11/11
  9059 | D:9      | Found a shimmering altar of Xom.
  9074 | D:9      | Found Loemepie's Magic Scroll Shoppe.
  9079 | D:9      | Bought a scroll of magic mapping for 52 gold pieces
  9079 | D:9      | Bought a scroll of identify for 30 gold pieces
  9079 | D:9      | Bought a scroll of identify for 30 gold pieces
  9539 | D:9      | Noticed Erolcha
 10050 | D:10     | Entered Level 10 of the Dungeon
 10159 | D:10     | Reached skill level 8 in Maces & Flails
 10654 | D:10     | Found a staircase to the Lair.
 10817 | D:10     | Found Noud's Armour Shoppe.
 11256 | D:11     | Reached *** piety under Qazlal
 11271 | D:11     | Noticed Josephine
 11320 | D:11     | Noticed a brown ugly thing
 11321 | D:11     | Noticed a manticore
 11335 | D:10     | Killed a brown ugly thing
 11335 | D:10     | Reached skill level 9 in Maces & Flails
 11335 | D:10     | Reached XP level 11. HP: 64/71 MP: 14/14
 11400 | Lair:1   | Entered Level 1 of the Lair of Beasts
 11415 | Lair:1   | Reached skill level 5 in Long Blades
 11474 | Lair:1   | Noticed an eight-headed hydra
 11485 | Lair:1   | Killed an eight-headed hydra
 11852 | Lair:1   | Reached skill level 5 in Invocations
 12562 | Lair:1   | Reached skill level 10 in Fighting
 12865 | Lair:1   | Reached skill level 10 in Maces & Flails
 12879 | Lair:1   | You fall into a shaft and drop 1 floor!
 12885 | Lair:2   | Found a staircase to the Shoals.
 13913 | Lair:1   | Reached XP level 12. HP: 50/77 MP: 16/16
 14592 | Lair:2   | Found a hole to the Spider Nest.
 14652 | Lair:2   | Got a twisted scale mail
 15155 | Lair:2   | Reached **** piety under Qazlal
 15454 | Lair:3   | Reached skill level 11 in Maces & Flails
 17149 | Lair:4   | Got a heavily runed leather armour
 17499 | Lair:5   | Found a transporter.
 17629 | Lair:5   | Reached XP level 13. HP: 71/84 MP: 18/18
 17774 | Lair:5   | Found a transporter.
 17808 | Lair:5   | Found a staircase to the Slime Pits.
 17880 | Lair:5   | Reached ***** piety under Qazlal
 18359 | Lair:5   | Reached skill level 12 in Maces & Flails
 18651 | Lair:5   | Reached skill level 10 in Shields
 18892 | Lair:5   | Reached skill level 10 in Armour
 19441 | Lair:5   | Slain by a four-headed hydra simulacrum

Levels and vault maps discovered:
D:1:      dpeg_arrival_tiny_c, layout_rooms, minmay_cupped
D:2:      layout_basic
D:3:      layout_loops_ring, ebering_ghost_gozag, uniq_natasha
D:4:      wad_pebble_path, layout_basic, overflow_temple_1_default,
          first_ration, hangedman_decor_lopped, nrook_campfire, uniq_ijyb
D:5:      minmay_clustersquares, layout_loops_ring,
          nicolae_ru_the_path_less_chosen, uniq_sigmund, uniq_pikel
D:6:      layout_basic, gup_sewer_entry_pipe, uniq_duvessa, uniq_edmund
D:7:      layout_loops_ring, minmay_temple_entry_hall
D:8:      layout_basic
D:9:      layout_loops_ring, serial_shops, shop_fountains, grunt_pizzeria,
          xom_teletrap_fun, uniq_erolcha
D:10:     layout_irregular_city, minmay_lair_entry_grove, serial_shops,
          shop_statue, minmay_fractal_squares_5
D:11:     layout_loops_ring, erik_orc_4, basic_altar, uniq_josephine
Temple:   dpeg_three_leaves_temple
Lair:1:   layout_long_grid, serial_bayou_shore_b, grunt_megastairs_4
Lair:2:   layout_chaotic_city, shoals_dummy_entry,
          nicolae_spider_entry_non_spiders, chequers_serial_rivers_micro_d,
          fungi_pond_lemuel, lemuel_fruit_fields
Lair:3:   layout_small_grid
Lair:4:   layout_layer_cave
Lair:5:   gammafunk_cloud_chamber, layout_cave_pods,
          nicolae_slime_entry_slimehenge, minmay_shattered_shrine

Skill      XL: |  1  2  3  4  5  6  7  8  9 10 11 12 13 |
---------------+----------------------------------------+-----
Fighting       | 4 5 6 7 8 9 10 11 | 11.3
Maces & Flails | 3 4 5 6 7 9 10 11 12 | 12.1
Armour         | 4 5 6 7 8 9 10 | 10.0
Shields        | 4 5 6 7 8 9 10 | 10.1
Long Blades    | 1 2 3 4 5 6 7 |  7.4
Invocations    | 2 4 5 7 |  7.9

Action                   |  1- 3 |  4- 6 |  7- 9 | 10-12 | 13-15 || total
-------------------------+-------+-------+-------+-------+-------++-------
Melee: Flail             |   205 |   250 |   485 |   977 |   205 ||  2122
       Scimitar          |       |       |    10 |    36 |       ||    46
Invok: Upheaval          |       |       |       |       |     4 ||     4
       Elemental Force   |       |       |       |       |     1 ||     1
  Use: Scroll            |       |    10 |     4 |    10 |     1 ||    25
       Potion            |       |     1 |     2 |     2 |     5 ||    10
 Stab: Invisible         |       |       |     1 |       |       ||     1
  Eat: Chunk             |     1 |     8 |    11 |    32 |     5 ||    57
       Ration            |       |     1 |     1 |     1 |       ||     3
Armor: Scale mail        |   150 |   111 |       |       |       ||   261
       Ring mail         |       |    59 |   249 |    67 |       ||   375
       Plate armour      |       |       |       |   459 |   168 ||   627
Dodge: Dodged            |    97 |   101 |   137 |   187 |    48 ||   570
Block: Kite shield       |   147 |   191 |   311 |   820 |   240 ||  1709
       Rpst.: Scimitar   |       |       |     1 |     1 |       ||     2

Table legend:
 A = Non-vault XP
 B = Vault XP
 C = Vault XP percentage of total XP
 D = Non-vault monster count
 E = Vault monster count
 F = Vault count percentage of total count
                 A         B        C        D         E       F
            +---------+---------+-------+---------+---------+-------
      Total |   31889 |   10239 |  24.3 |     282 |      74 |  20.8
            +---------+---------+-------+---------+---------+-------
        D:1 |      53 |       7 |  11.7 |      32 |       4 |  11.1
        D:2 |      57 |       2 |   3.4 |      21 |       1 |   4.5
        D:3 |     101 |      35 |  25.7 |      11 |       1 |   8.3
        D:4 |     176 |      36 |  17.0 |      15 |       1 |   6.2
        D:5 |     497 |     292 |  37.0 |      16 |       7 |  30.4
        D:6 |     251 |    1193 |  82.6 |       9 |      14 |  60.9
        D:7 |     849 |       0 |   0.0 |       9 |       0 |   0.0
        D:8 |    1208 |       0 |   0.0 |      31 |       0 |   0.0
        D:9 |     421 |     348 |  45.3 |      12 |       2 |  14.3
       D:10 |    2383 |    1806 |  43.1 |      20 |      18 |  47.4
       D:11 |       0 |     430 | 100.0 |       0 |       2 | 100.0
     Lair:1 |   11304 |      74 |   0.7 |      38 |       2 |   5.0
     Lair:2 |    1867 |     110 |   5.6 |       8 |       6 |  42.9
     Lair:3 |    1295 |       0 |   0.0 |       9 |       0 |   0.0
     Lair:4 |    6441 |       0 |   0.0 |      30 |       0 |   0.0
     Lair:5 |    4986 |    5906 |  54.2 |      21 |      16 |  43.2
            +---------+---------+-------+---------+---------+-------
